 Dungeon Crawl Stone Soup version 0.32-a0-7-ge934b4519a (webtiles) character file.

Game seed: 16506190825853681044

1886811 bakla the Righteous (level 26, 121/201 HPs)
             Began as a Felid Necromancer on Jan 13, 2024.
             Was a Follower of the Shining One.
             Escaped with the Orb
             ... and 3 runes
             ... and 1 gem!
             The game lasted 02:21:49 (59686 turns).

bakla the Righteous (Felid Necromancer)            Turns: 59686, Time: 02:21:49

Health: 121/201    AC: 33    Str: 21    XL:     26   Next: 3%
Magic:  38/38      EV: 39    Int: 16    God:    the Shining One [*.....]
Gold:   2171       SH:  0    Dex: 22    Spells: 26/33 levels left
                                        Lives:  2   Deaths: 7

rFire   + +          .
                       - Unarmed
rCold   + . .        (shield unavailable)
rNeg    + . .        (body armour unavailable)
rPois   ∞            (helmet unavailable)
rElec   +            (cloak unavailable)
rCorr   .            (gloves unavailable)
SInv    +            (boots unavailable)
Will    ++...        l - amulet of regeneration
Stlth   +            i - ring of protection from cold
HPRegen 1.33/turn    E - ring of Yredelemnul, Shifting {^Contam Fly rF++ Will- Str+9}
MPRegen 0.26/turn

%: no passive effects
@: statue-form, flying, glowing, very slow
A: slow and powerful, torment resistance 1, boosted hp, very small, claws 1,
fangs 3, see invisible, (shaggy fur 3), stealthy paws, no weapons or thrown
items, no armour, multi-lived, horns 1, dopey 1, subdued magic 1, devolution 1
0: Orb of Zot
}: 3/15 runes: decaying, silver, gossamer
a: Begin Untransformation, Renounce Religion, Divine Shield


You escaped.
You worshipped the Shining One.
The Shining One was aware of your devotion.
You were a living statue of rough stone.
You visited 10 branches of the dungeon, and saw 48 of its levels.
You also visited: Gauntlet and Ice Cave.

You collected 7511 gold pieces.
You spent 5340 gold pieces at shops.

Inventory:

Jewellery
 f - the ring of the Shining Light {rC+ MP+9 Int+4}
   (You took it off a vault warden on level 5 of the Vaults)

   [ring of magical power]

   Int+4:     It affects your intelligence (+4).
   rC+:       It protects you from cold.
   MP+9:      It affects your magic capacity (+9).
 i - a ring of protection from cold (left paw)
 l - an amulet of regeneration (around neck)
 s - a ring of willpower
 t - a ring of protection from fire
 E - the ring of Yredelemnul, Shifting (right paw) {^Contam Fly rF++ Will- Str+9}
   (You bought it in a shop on level 1 of the Depths)

   [ring of flight]

   Str+9:     It affects your strength (+9).
   rF++:      It greatly protects you from fire.
   Will-:     It decreases your willpower.
   Fly:       It grants you flight.
   ^Contam:   It causes magical contamination when unequipped.
 J - the ring of Winnuj {rElec rC- Will+ AC+4}
   (You found it on level 13 of the Dungeon)

   [ring of protection]

   AC+4:      It affects your AC (+4).
   rC-:       It makes you vulnerable to cold.
   rElec:     It insulates you from electricity.
   Will+:     It increases your willpower.
 R - the ring of the Vanishing Seers {Fly rElec rCorr}
   (You took it off a deep elf elementalist on level 3 of the Elven Halls)

   [ring of resist corrosion]

   rElec:     It insulates you from electricity.
   Fly:       It grants you flight.
   rCorr:     It protects you from acid and corrosion.
 S - a ring of protection from fire
 U - the ring "Omieff" {rElec MP+9 Dex+5 Stlth-}
   (You took it off a deep elf annihilator on level 3 of the Elven Halls)

   [ring of magical power]

   Dex+5:     It affects your dexterity (+5).
   rElec:     It insulates you from electricity.
   MP+9:      It affects your magic capacity (+9).
   Stlth-:    It makes you less stealthy.
 X - an amulet of guardian spirit
 Y - the ring of the Tortoise {AC+8}
   (You found it on level 5 of the Vaults)

   [ring of protection]

   AC+8:      It affects your AC (+8).
Talismans
 F - a granite talisman (active)
Wands
 h - a wand of quicksilver (23)
 p - a wand of polymorph (20)
 q - a wand of digging (17)
 r - a wand of flame (99)
 y - a wand of paralysis (40)
 L - a wand of mindburst (13)
 M - a wand of iceblast (45)
Scrolls
 c - 3 scrolls of blinking
 d - 9 scrolls of amnesia
 k - 5 scrolls of poison
 u - 30 scrolls of identify
 v - 3 scrolls of torment
 A - 21 scrolls of teleportation
 I - 2 scrolls of silence
 K - 5 scrolls of immolation
 N - 3 scrolls of fog
 O - 5 scrolls of vulnerability
 P - 3 scrolls of noise
 V - 3 scrolls of fear
Potions
 b - 5 potions of haste
 e - 9 potions of enlightenment
 g - 10 potions of lignification
 j - 3 potions of cancellation
 m - 9 potions of attraction
 n - a potion of ambrosia
 w - 4 potions of mutation
 x - 11 potions of curing
 z - 7 potions of brilliance
 B - 3 potions of might
 C - a potion of resistance
 D - a potion of heal wounds
 G - a potion of invisibility
 H - 3 potions of magic
 W - 3 potions of berserk rage
Miscellaneous
 a - a lightning rod (4/4)
 T - a phantom mirror
 Z - a tin of tremorstones (2/2)


   Skills:
 + Level 21.4 Fighting
 - Level 21.6 Dodging
 - Level 10.0 Stealth
 + Level 21.4 Unarmed Combat
 - Level 4.0 Spellcasting
 - Level 6.3 Necromancy
 - Level 21.7 Invocations
 - Level 5.0 Evocations
 - Level 21.6 Shapeshifting


You had 26 spell levels left.
You knew the following spells:

 Your Spells              Type           Power      Damage    Failure   Level
a - Necrotise             Necr           68%        1d7       1%          1
b - Vampiric Draining     Necr           17%        2d7       2%          3
c - Fugue of the Fallen   Necr           17%        N/A       2%          3

Your spell library contained the following spells:

 Spells                   Type           Power      Damage    Failure   Level
 Kiss of Death            Conj/Necr      40%        2d8       3%          1
 Cigotuvi's Dreadful Rot  Necr/Alch/Air  14%        N/A       9%          2
 Animate Dead             Necr           17%        N/A       11%         4
 Sandblast                Erth           4%         2d4       14%         1
 Shock                    Conj/Air       8%         1d3       14%         1
 Blink                    Tloc           4%         N/A       22%         2
 Call Imp                 Summ           4%         N/A       22%         2
 Ensorcelled Hibernation  Hex/Ice        4%         N/A       22%         2
 Jinxbite                 Hex            4%         N/A       22%         2
 Lesser Beckoning         Tloc           4%         N/A       22%         2
 Momentum Strike          Conj/Tloc      4%         3d8       22%         2
 Static Discharge         Conj/Air       4%         3-4/arc   22%         2
 Curse of Agony           Necr           17%        N/A       30%         5
 Anguish                  Hex/Necr       5%         N/A       38%         4
 Call Canine Familiar     Summ           2%         N/A       41%         3
 Dazzling Flash           Conj/Hex       4%         N/A       41%         3
 Inner Flame              Hex/Fire       2%         N/A       41%         3
 Mephitic Cloud           Conj/Alch/Air  2%         N/A       41%         3
 Ozocubu's Armour         Ice            2%         N/A       41%         3
 Passwall                 Erth           2%         N/A       41%         3
 Sigil of Binding         Hex            2%         N/A       41%         3
 Stone Arrow              Conj/Erth      4%         3d7       41%         3
 Summon Ice Beast         Ice/Summ       2%         N/A       41%         3
 Swiftness                Air            2%         N/A       41%         3
 Tukima's Dance           Hex            2%         N/A       41%         3
 Volatile Blastmotes      Fire/Tloc      4%         2d10      41%         3
 Borgnjor's Vile Clutch   Necr/Erth      5%         N/A       75%         5
 Airstrike                Air            1%         2d(1-17)  83%         4
 Brom's Barrelling Bould  Conj/Erth      2%         2d3       83%         4
 Cause Fear               Hex            1%         N/A       83%         4
 Flame Wave               Conj/Fire      2%         2d4       83%         4
 Fulminant Prism          Conj/Alch      1%         3d5       83%         4
 Ignite Poison            Fire/Alch      2%         N/A       83%         4
 Iskenderun's Mystic Bla  Conj/Tloc      2%         2d3       83%         4
 Leda's Liquefaction      Alch/Erth      1%         N/A       83%         4
 Manifold Assault         Tloc           2%         N/A       83%         4
 Olgreb's Toxic Radiance  Alch           2%         N/A       83%         4
 Sticky Flame             Fire/Alch      2%         2d4       83%         4
 Summon Blazeheart Golem  Fire/Summ      2%         N/A       83%         4
 Vhi's Electric Charge    Tloc/Air       4%         N/A       83%         4
 Alistair's Intoxication  Alch           1%         N/A       99%         5
 Arcjolt                  Conj/Air       1%         1d11      99%         5
 Fireball                 Conj/Fire      1%         3d3       99%         5
 Freezing Cloud           Conj/Ice/Air   1%         6-21      99%         5
 Metabolic Englaciation   Hex/Ice        1%         N/A       99%         5
 Silence                  Hex/Air        1%         N/A       99%         5
 Summon Forest            Summ/Tloc      1%         N/A       99%         5
 Summon Mana Viper        Hex/Summ       2%         N/A       99%         5
 Yara's Violent Unravell  Hex/Alch       1%         3d3       99%         5
 Dispersal                Tloc           1%         N/A       100%        6
 Eringya's Noxious Bog    Alch           1%         4d6       100%        6
 Plasma Beam              Fire/Air       1%         2x1d11    100%        6
 Sculpt Simulacrum        Ice/Alch       1%         N/A       100%        6
 Starburst                Conj/Fire      1%         6d3       100%        6
 Enfeeble                 Hex            1%         N/A       100%        7
 Haunt                    Necr/Summ      5%         N/A       100%        7
 Monstrous Menagerie      Summ           1%         N/A       100%        7
 Orb of Destruction       Conj           1%         9d5       100%        7
 Ozocubu's Refrigeration  Ice            1%         4d7       100%        7
 Spellforged Servitor     Conj/Summ      1%         N/A       100%        7
 Summon Hydra             Summ           1%         N/A       100%        7
 Discord                  Hex            1%         N/A       100%        8
 Disjunction              Tloc           1%         N/A       100%        8
 Maxwell's Capacitive Co  Air            1%         ∞         100%        8
 Summon Horrible Things   Summ           1%         N/A       100%        8
 Chain Lightning          Conj/Air       1%         3d1       100%        9
 Dragon's Call            Summ           1%         N/A       100%        9
 Animate Armour           Summ/Erth      Unusable   N/A       N/A         4
 Dimensional Bullseye     Hex/Tloc       Unusable   N/A       N/A         4

Dungeon Overview and Level Annotations

Branches:
Dungeon (15/15)            Temple (1/1) D:5            Lair (5/5) D:10
  Swamp (4/4) Lair:2       Spider (4/4) Lair:2        Slime (0/5) Lair:4
    Orc (2/2) D:12            Elf (3/3) Orc:2        Vaults (5/5) D:14
  Crypt (0/3) Vaults:2     Depths (4/4) D:15            Zot (5/5) Depths:4
  IceCv (visited)         Gauntlet (visited)

Altars:
Ashenzari
Cheibriados
Dithmenos
Elyvilon
Fedhas
Gozag
Hepliaklqana
Kikubaaqudgha
Makhleb
Nemelex Xobeh
Okawaru
Qazlal
Ru
Sif Muna
Trog
Uskayaw
Vehumet
Wu Jian
Xom
Yredelemnul
Zin
The Shining One
Jiyva
Lugonu

Shops:
D:4 ?   Orc:2 [:=(*!*[   Elf:1 [(*[   Elf:2 *   Vaults:2 *   Vaults:5 ?!?
Depths:1 :=:

Portals:
Hell: Depths:1 Depths:2 Depths:3 Depths:4
Abyss: Depths:3
Pandemonium: Orc:2 Depths:1 Depths:2
Ziggurat: Depths:1

Annotations:
D:3 1 runed translucent door, Crazy Yiuf
D:6 2 runed translucent doors, snarfax's ghost, novice SpCj
D:8 1 runed translucent door, relicbr's ghost, journeyman TrBe
D:9 3 runed translucent doors, ggggg's ghost, journeyman GrEE
Swamp:4 2 transporters, Implojin's ghost, adept DEBr
Spider:3 2 transporters, Laopegif's ghost, adept OnRe
Elf:2 3 runed translucent doors
Elf:3 1 runed translucent door
Vaults:3 exclusion: ironbound convoker, Mennas
Depths:2 exclusion: door
Depths:3 1 exclusion


Innate Abilities, Weirdness & Mutations

You are a living statue of rough stone.
Your actions are slow, but your melee attacks are powerful.
You are resistant to unholy torment.
Your maximum health is greatly increased.
You are immune to poison.
You have sharp claws.
You have razor-sharp teeth.
You have supernaturally acute eyesight. (SInv)
((Your thick and shaggy fur keeps you warm. (AC +3, rC+)))
Your paws help you pounce on unaware monsters.
You are incapable of wielding weapons or throwing items.
You cannot wear armour.
You gain extra lives every three experience levels.
You have a pair of small horns on your head.
You are dopey. (Int -2)
Your spells are a little easier to cast, but a little less powerful.
You have hidden genetic defects.


Message History

You are engulfed in flames.
You resist.
* * * LOW HITPOINT WARNING * * *
You eviscerate the sun demon!!! Your claw misses the sun demon.
The sun demon is almost dead.
The sun demon completely misses you. The balrug gestures at you.
Makhleb smites you!
* * * LOW HITPOINT WARNING * * *
Unknown command.
You mangle the sun demon!!
You kill the sun demon!
The Shining One accepts your kill.
Your life force feels restored.
You scratch the demonspawn blood saint but do no damage.
The demonspawn blood saint calls on the powers of chaos!
The balrug seems to grow stronger.
You scratch the demonspawn blood saint.
You headbutt the demonspawn blood saint.
You claw the demonspawn blood saint.
The demonspawn blood saint is lightly wounded.
The demonspawn blood saint misses you.
You eviscerate the demonspawn blood saint!!!
You bite the demonspawn blood saint, but do no damage.
The demonspawn blood saint is severely wounded.
The demonspawn blood saint completely misses you.
You eviscerate the demonspawn blood saint!!!
You kill the demonspawn blood saint!
The Shining One accepts your kill.
You feel better. The balrug barely misses you.
You barely miss the balrug. Your claw misses the balrug.
The balrug completely misses you.
You eviscerate the balrug!!!
The balrug is severely wounded.
The balrug hits you but does no damage.
You writhe in agony.
* * * LOW HITPOINT WARNING * * *
You eviscerate the balrug!!!
You kill the balrug!
The Shining One accepts your kill.
There is a staircase leading out of the dungeon here.
You have escaped!

#####.#.#.#.#...#.#
#...##............#
#...............3..
#...#############..
##### ##. ##.#
##.##
##############)###
#8.........)......
#'##########.#####
#...........2.....
#.########.#######
#.................
##################


There were no monsters in sight!

Vanquished Creatures
  Frederick (Vaults:3)
  2 dread liches (Zot:5)
  2 ancient liches
  3 orbs of fire
  A juggernaut (Depths:2)
  Sojobo (Depths:4)
  Boris (twice) (Vaults:3 Vaults:4)
  2 curse toes
  3 Killer Klowns
  Nikola (Vaults:3)
  7 golden dragons
  the Enchantress (Depths:1)
  2 bone dragons (Zot:3)
  A Brimstone Fiend (Depths:4)
  7 electric golems
  Rupert (Spider:1)
  A Hell Sentinel (D:8)
  26 Orb Guardians
  An Ice Fiend (D:5)
  Asterion (Spider:2)
  4 quicksilver dragons
  20 tentacled monstrosities
  3 liches
  2 titans (Vaults:5)
  5 sphinxes
  2 deep elf blademasters (Elf:3)
  2 deep elf master archers (Elf:3)
  17 death cobs
  Agnes (Spider:2)
  Kirke (D:15)
  5 draconian monks
  7 tengu reavers
  Donald (Vaults:2)
  13 storm dragons
  12 shadow dragons
  5 protean progenitors
  Roxanne (Elf:1)
  2 iron dragons (Vaults:5)
  13 draconian shifters
  4 draconian knights
  2 fire giants
  14 frost giants
  6 deep elf sorcerers
  6 spectral caustic shrikes (Depths:1)
  2 balrugs
  28 ironbound preservers
  A cacodemon (Zot:3)
  9 emperor scorpions
  7 ghost moths
  9 vault wardens
  3 deep elf elementalists (Elf:3)
  7 draconian scorchers
  4 draconian stormcallers
  An orc warlord (Vaults:3)
  A ghoul (Vaults:2)
  13 draconian annihilators
  5 spriggan defenders
  14 stone giants
  6 ironbound thunderhulks
  20 very ugly things
  2 demonspawn blood saints (D:1)
  3 formless jellyfish
  6 eleionomae
  12 black draconians
  3 broodmothers
  10 deep elf death magi
  A vampire knight (Depths:2)
  7 green draconians
  6 deep elf annihilators
  2 spark wasps
  15 red draconians
  A war gargoyle (Zot:2)
  7 deep elf demonologists
  14 dire elephants
  8 bunyips
  12 yellow draconians
  10 purple draconians
  9 white draconians
  2 green deaths
  13 ettins
  A blizzard demon (Zot:3)
  2 shambling mangroves (Swamp:4)
  5 entropy weavers
  9 fire dragons
  2 deep elf high priests (Elf:3)
  14 yaktaur captains
  21 hydras
  4 ice dragons
  4 rakshasas
  5 great orbs of eyes
  Erolcha (Orc:2)
  28 vault guards
  2 ogre magi
  6 spriggan air magi
  2 ghost crabs
  7 ironbound frosthearts
  2 demonspawn (Orc:2)
  A jorogumo (Spider:1)
  13 centaur warriors
  25 dancing weapons
  2 radroaches
  3 anacondas
  9 boulder beetles
  11 alligators
  4 two-headed ogres
  4 deep troll shamans
  7 spriggan berserkers
  5 death yaks (Lair:3)
  2 occultists (Depths:2)
  2 tengu warriors (Depths:2)
  5 demonic crawlers
  A vampire mage (Vaults:2)
  Urug (Lair:2)
  6 deep troll earth magi
  8 orc high priests (Orc:2)
  2 shock serpents (Zot:2)
  Nergalle (Lair:2)
  10 deep elf knights
  8 soul eaters
  8 hell knights
  6 sun demons
  7 iron trolls
  3 sixfirhies
  3 skysharks
  5 pharaoh ants
  7 glowing orange brains
  3 goliath frogs
  A sun moth (Spider:2)
  71 deep trolls
  5 orb spiders
  3 spriggan druids
  A glowing orange brain (shapeshifter) (Elf:3)
  A golden dragon zombie (Vaults:3)
  A swamp dragon (shapeshifter) (Vaults:5)
  3 steelbarb worms
  6 deep elf archers
  2 arcanists
  2 death drakes
  7 ironbound convokers
  A flayed ghost (Depths:2)
  An obsidian statue (Vaults:3)
  13 swamp dragons
  4 spectral wolf spiders (Spider:2)
  5 lightning spires (Zot:2)
  An elf zombie (Vaults:3)
  4 wolf spider zombies (Spider:2)
  4 phantasmal warriors (Vaults:5)
  7 harpies (Vaults:2)
  8 orc knights
  Pikel (D:4)
  6 necromancers
  8 lindwurms
  22 wolf spiders
  6 orc sorcerers (Orc:2)
  27 deep elf pyromancers
  26 deep elf zephyrmancers
  A human zombie (Vaults:4)
  23 ugly things
  A glowing shapeshifter (Vaults:5)
  7 manticores
  A shining eye (shapeshifter) (Depths:4)
  29 moths of wrath
  A cyclops (D:14)
  7 elephants (Lair:5)
  Maurice (D:9)
  5 will-o-the-wisps
  6 black mambas
  A rust devil (Orc:2)
  A smoke demon (Depths:1)
  23 vault sentinels
  A gargoyle (D:12)
  Maggie (D:9)
  9 torpor snails
  2 unseen horrors
  Jeremiah (D:9)
  A rime drake (shapeshifter) (D:14)
  Psyche (D:8)
  14 yaktaurs
  9 komodo dragons
  18 cane toads
  2 tormentors
  A tengu conjurer (Depths:3)
  5 rime drakes
  A white draconian zombie (Zot:4)
  2 guardian mummies
  2 freezing wraiths
  A polar bear (Lair:3)
  17 tarantellas
  10 tyrant leeches
  5 trolls
  2 wolf spider simulacra (Spider:2)
  16 hornets
  22 blink frogs
  A snapping turtle (shapeshifter) (D:15)
  2 human simulacra
  17 jumping spiders
  An ettin zombie (Vaults:3)
  40 slime creatures
  14 spriggans
  3 wraiths
  7 air elementals
  6 wyverns
  5 hogs (D:15)
  11 culicivoras
  2 shadows (D:9)
  Eustachio (D:4)
  4 water elementals
  49 yaks
  2 basilisks
  2 fire elementals
  A steam dragon (D:8)
  A warg (Orc:2)
  44 redbacks
  15 vampire mosquitoes
  15 swamp worms
  A glowing shapeshifter zombie (Vaults:4)
  15 water moccasins
  3 human skeletons
  9 swamp drakes
  4 ice beasts
  A sky beast (D:6)
  2 ettin simulacra (Vaults:3)
  31 orc warriors
  6 laughing skulls
  3 black bears
  4 ogres
  A boggart (Vaults:1)
  16 wolves
  13 centaurs
  3 kobold brigands
  18 bullfrogs
  4 earth elementals
  2 gnoll sergeants
  4 scorpions
  An ogre simulacrum (Vaults:3)
  7 wights
  A hornet simulacrum (D:15)
  6 killer bees (D:10)
  2 electric eels (Lair:5)
  2 howler monkeys
  3 bombardier beetles
  3 hounds
  24 orc priests
  A gnoll bouda (D:4)
  A jelly (D:6)
  2 sleepcaps
  6 iguanas
  17 orc wizards
  12 gnolls
  8 adders
  2 ribbon worms
  72 orcs
  9 endoplasms
  5 giant cockroaches
  6 goblins
  3 hobgoblins
  10 jackals
  3 quokkas
  7 ball pythons
  6 bats
  4 frilled lizards
  15 kobolds
  8 rats
  An aspiring flesh (Zot:2)
1901 creatures vanquished.

Vanquished Creatures (collateral kills)
  A hobgoblin (D:2)
  A jackal (D:1)
  A kobold (D:2)
  A ball python (D:2)
  A rat (D:1)
5 creatures vanquished.

Vanquished Creatures (others)
  A Killer Klown (Zot:5)
  A shadow dragon (Zot:1)
  A storm dragon (Zot:2)
  A draconian scorcher (Zot:2)
  A draconian knight (Zot:3)
  A purple draconian (Zot:2)
  A spark wasp (Zot:2)
  A vault guard (Vaults:5)
  A dancing weapon (Elf:2)
  A deep troll (Vaults:5)
  2 spectral wolf spiders (Spider:2)
  A deep elf pyromancer (Elf:2)
  2 bloated husks (Swamp:1)
  A human (D:15)
  22 foxfires
38 creatures vanquished.

Grand Total: 1944 creatures vanquished

Notes
Turn   | Place    | Note
-------+----------+-------------------------------------------
     0 | D:1      | bakla the Felid Necromancer began the quest for the Orb.
     0 | D:1      | Reached XP level 1. HP: 9/9 MP: 4/4
   162 | D:1      | Reached XP level 2. HP: 12/14 MP: 0/6
   428 | D:1      | Reached skill level 1 in Fighting
   572 | D:1      | Reached XP level 3. HP: 18/18 MP: 1/7
   576 | D:1      | Learned a level 3 spell: Vampiric Draining
  1105 | D:2      | Reached skill level 1 in Unarmed Combat
  1192 | D:2      | Reached skill level 1 in Shapeshifting
  1192 | D:2      | Reached XP level 4. HP: 22/22 MP: 4/8
  1192 | D:2      | Gained a life (2 lives remaining)
  1498 | D:2      | Found a radiant altar of Vehumet.
  1932 | D:3      | Reached XP level 5. HP: 26/26 MP: 4/9
  2231 | D:3      | Found a runed translucent door.
  2232 | D:3      | Noticed Crazy Yiuf
  2255 | D:3      | Found a burning altar of Makhleb.
  2466 | D:3      | Found a radiant altar of Vehumet.
  2939 | D:4      | Slain by a gnoll bouda
  2939 | D:4      | Lost a life (1 life remaining)
  3121 | D:4      | Gained mutation: You are covered in thick fur. (AC +2)
                  | [Felid growth]
  3121 | D:4      | Reached XP level 6. HP: 32/32 MP: 5/10
  3392 | D:4      | Noticed Pikel
  3480 | D:4      | Killed Pikel
  3481 | D:4      | Reached skill level 5 in Dodging
  3481 | D:4      | Reached XP level 7. HP: 26/36 MP: 11/11
  3481 | D:4      | Gained a life (2 lives remaining)
  3725 | D:4      | Found Bup Qyat's Magic Scroll Shoppe.
  3882 | D:4      | Noticed Eustachio
  4236 | D:5      | Entered Level 5 of the Dungeon
  4448 | D:5      | Found a broken altar of Ashenzari.
  4717 | D:5      | Found a staircase to the Ecumenical Temple.
  4752 | Temple   | Entered the Ecumenical Temple
  4761 | Temple   | Became a worshipper of the Wu Jian Council
  4780 | D:5      | Reached XP level 8. HP: 30/42 MP: 3/12
  5133 | D:5      | Reached skill level 5 in Shapeshifting
  5638 | D:6      | Found a runed translucent door.
  5745 | D:6      | Reached skill level 5 in Fighting
  5789 | D:6      | Found a runed translucent door.
  5790 | D:6      | Noticed snarfax's ghost (novice SpCj)
  5855 | D:6      | Found a shadowy altar of Dithmenos.
  5862 | D:6      | Found a hazy altar of Hepliaklqana.
  5865 | D:6      | Found a blossoming altar of Fedhas.
  5865 | D:6      | Found an ancient bone altar of Kikubaaqudgha.
  5872 | D:6      | Found a shimmering blue altar of Sif Muna.
  6515 | D:4      | Killed Eustachio
  6708 | D:7      | Reached XP level 9. HP: 17/47 MP: 13/13
  7102 | D:7      | Paralysed by a hornet for 3 turns
  7105 | D:7      | HP: 2/44 [hornet (4)]
  7113 | D:7      | HP: 2/44 [poisoned by a hornet]
  7323 | D:7      | Reached * piety under Wu Jian
  7361 | D:7      | HP: 2/45 [kobold brigand/+0 whip (4)]
  7580 | D:7      | Noticed a two-headed ogre
  7595 | D:7      | Killed a two-headed ogre
  7596 | D:7      | Reached skill level 5 in Unarmed Combat
  8323 | D:8      | Found a runed translucent door.
  8323 | D:8      | Found a shimmering altar of Xom.
  8323 | D:8      | Noticed relicbr's ghost (journeyman TrBe)
  8323 | D:8      | Noticed a +0 flail of chaos
  8384 | D:8      | Reached XP level 10. HP: 53/53 MP: 14/14
  8676 | D:8      | Reached ** piety under Wu Jian
  9022 | D:8      | Noticed Psyche
  9023 | D:8      | Paralysed by Psyche for 4 turns
  9035 | D:8      | Killed Psyche
  9036 | D:8      | Reached skill level 10 in Dodging
  9632 | D:9      | Found a basalt altar of Yredelemnul.
  9644 | D:9      | Noticed Maggie
  9661 | D:9      | Killed Maggie
  9689 | D:9      | Noticed Maurice
  9699 | D:9      | Killed Maurice
  9861 | D:9      | Found a runed translucent gate.
  9861 | D:9      | Found a runed translucent gate.
  9861 | D:9      | Found a runed translucent gate.
  9899 | D:9      | Noticed ggggg's ghost (journeyman GrEE)
 10263 | D:9      | Noticed Jeremiah
 10283 | D:9      | Killed Jeremiah
 10532 | D:10     | Entered Level 10 of the Dungeon
 10780 | D:10     | Noticed a five-headed hydra
 11175 | D:10     | Found a staircase to the Lair.
 11188 | D:10     | HP: 1/56 [five-headed hydra (10)]
 11189 | D:10     | Slain by a five-headed hydra
 11189 | D:10     | Lost a life (1 life remaining)
 11712 | D:11     | Reached XP level 11. HP: 43/60 MP: 15/15
 11712 | D:11     | Gained a life (2 lives remaining)
 11764 | D:11     | Found a gate leading to a gauntlet.
 11779 | Gauntlet | Entered a Gauntlet
 11779 | Gauntlet | Found a transporter.
 11779 | Gauntlet | Found a transporter.
 11779 | Gauntlet | Found a runed translucent door.
 11779 | Gauntlet | Found a runed translucent door.
 11801 | Gauntlet | Found a transporter.
 11809 | Gauntlet | Noticed an oklob plant
 11812 | Gauntlet | Found a transporter.
 11813 | Gauntlet | Found a transporter.
 11815 | Gauntlet | Noticed a green death
 11821 | Gauntlet | Found a transporter.
 11837 | Gauntlet | Found a transporter.
 11851 | Gauntlet | Found a transporter.
 11855 | Gauntlet | Found a transporter.
 11861 | Gauntlet | Noticed an arcanist
 11863 | Gauntlet | Found a transporter.
 11867 | Gauntlet | Found a transporter.
 12348 | Lair:1   | Entered Level 1 of the Lair of Beasts
 12575 | Lair:1   | HP: 2/90 [cane toad (9)]
 13279 | Lair:1   | HP: 3/60 [blink frog (4)]
 13287 | Lair:1   | Reached *** piety under Wu Jian
 15347 | Lair:2   | Found a hole to the Spider Nest.
 15423 | Lair:2   | Noticed Urug
 15435 | Lair:2   | Slain by Urug
 15435 | Lair:2   | Lost a life (1 life remaining)
 15443 | Lair:2   | Killed Urug
 15443 | Lair:2   | Reached skill level 10 in Shapeshifting
 15443 | Lair:2   | Gained mutation: Your thick and shaggy fur keeps you warm.
                  | (AC +3, rC+) [Felid growth]
 15443 | Lair:2   | Reached XP level 12. HP: 19/66 MP: 16/16
 15708 | Lair:2   | Found a staircase to the Swamp.
 15709 | Lair:2   | Noticed a five-headed hydra
 15998 | D:10     | Killed a five-headed hydra
 16220 | D:4      | Bought a scroll of acquirement for 728 gold pieces
 16220 | D:4      | Acquired 612 gold pieces
 16223 | D:4      | Bought a scroll of fog for 56 gold pieces
 16223 | D:4      | Bought a scroll of poison for 56 gold pieces
 16475 | Lair:2   | Noticed Nergalle
 16493 | Lair:2   | Killed Nergalle
 16764 | Lair:2   | Killed a five-headed hydra
 16821 | Lair:2   | Reached skill level 10 in Fighting
 17497 | Lair:3   | Reached **** piety under Wu Jian
 17602 | Lair:3   | Noticed Nessos
 17608 | Lair:3   | Nessos changed into Nessos the manticore
 17608 | Lair:3   | Noticed Nessos
 17613 | Lair:3   | Killed Nessos the manticore
 18036 | Lair:3   | Noticed a death yak
 18059 | Lair:3   | Killed a death yak
 18178 | Lair:3   | Noticed a death yak
 18227 | Lair:3   | Killed a death yak
 18249 | Lair:3   | Noticed a death yak
 18250 | Lair:3   | Noticed a death yak
 18278 | Lair:3   | Killed a death yak
 18366 | Lair:3   | Noticed a death yak
 18367 | Lair:3   | Noticed a death yak
 18395 | Lair:3   | Killed a death yak
 18401 | Lair:3   | Killed a death yak
 18405 | Lair:3   | HP: 4/82 [death yak (12)]
 18407 | Lair:3   | Mangled by a death yak
 18407 | Lair:3   | Lost a life (0 lives remaining)
 18557 | Lair:3   | Noticed a boulder beetle
 18580 | Lair:3   | Reached XP level 13. HP: 72/72 MP: 17/17
 18580 | Lair:3   | Gained a life (1 life remaining)
 19052 | Lair:4   | Reached skill level 10 in Unarmed Combat
 19727 | Lair:4   | Found a viscous altar of Jiyva.
 19757 | Lair:4   | Found a staircase to the Slime Pits.
 19902 | Lair:4   | Found a snail-covered altar of Cheibriados.
 20078 | Lair:4   | Got the Catalogue of Excruciating Frostbite
 20790 | Lair:5   | Entered Level 5 of the Lair of Beasts
 21113 | Lair:5   | Reached skill level 15 in Dodging
 21123 | Lair:5   | Mangled by a cane toad
 21123 | Lair:5   | Lost a life (0 lives remaining)
 23148 | D:11     | Reached XP level 14. HP: 80/80 MP: 18/18
 24851 | D:12     | Found a staircase to the Orcish Mines.
 25257 | D:13     | Found a glowing golden altar of the Shining One.
 25286 | D:13     | Identified the ring of Winnuj {rElec rC- Will+ AC+4}
 25490 | D:13     | Reached ***** piety under Wu Jian
 25977 | D:14     | Acquired a manual of Shapeshifting
 25997 | D:14     | Found a gate to the Vaults.
 26223 | D:14     | Got the Directory of Malediction and Rime
 27126 | D:14     | Identified the +1 plate armour of Xaot Qat {Slay+2 Stlth+}
 27984 | D:15     | Entered Level 15 of the Dungeon
 28182 | D:15     | Noticed Kirke
 28357 | D:15     | Noticed a cyan very ugly thing
 28434 | D:15     | Identified the +2 robe of Grace {rElec Int+3}
 28451 | D:15     | Killed Kirke
 28678 | D:15     | Noticed a green very ugly thing
 28774 | D:15     | Killed a cyan very ugly thing
 28872 | Orc:1    | Entered Level 1 of the Orcish Mines
 29019 | Orc:2    | Entered Level 2 of the Orcish Mines
 29019 | Orc:2    | Found Enilep's Armour Boutique.
 29063 | Orc:2    | Found Byarriej's Book Emporium.
 29327 | Orc:2    | Found Othumm's General Store.
 29333 | Orc:2    | Noticed Erolcha
 29376 | Orc:2    | Killed Erolcha
 29938 | Orc:2    | Found Naqenad's Antique Armour Shoppe.
 29978 | Orc:2    | Found a staircase to the Elven Halls.
 30155 | Orc:2    | Found Posonu's General Store.
 30174 | Orc:2    | Reached XP level 15. HP: 85/86 MP: 19/19
 30183 | Orc:2    | Found Paeq's Distillery.
 30895 | Orc:2    | Bought a potion of heal wounds for 70 gold pieces
 30895 | Orc:2    | Bought a potion of curing for 42 gold pieces
 30895 | Orc:2    | Bought a potion of heal wounds for 70 gold pieces
 32729 | Orc:2    | Found Busal's Antique Weapon Shoppe.
 32729 | Orc:2    | Found a one-way gate leading to the halls of Pandemonium.
 32729 | Orc:2    | Found Wapus's Jewellery Emporium.
 32736 | Orc:2    | Bought an amulet of regeneration for 360 gold pieces
 32953 | Swamp:1  | Entered Level 1 of the Swamp
 33917 | Swamp:1  | Reached ****** piety under Wu Jian
 35290 | Swamp:3  | Reached XP level 16. HP: 68/93 MP: 20/20
 35290 | Swamp:3  | Gained a life (1 life remaining)
 35471 | Swamp:3  | Reached skill level 15 in Shapeshifting
 35511 | Swamp:3  | Reached skill level 15 in Fighting
 35902 | Swamp:4  | Entered Level 4 of the Swamp
 35936 | Swamp:4  | Found a transporter.
 35940 | Swamp:4  | Noticed a thorn hunter
 35942 | Swamp:4  | Noticed Implojin's ghost (adept DEBr)
 35948 | Swamp:4  | Found a transporter.
 36097 | Swamp:4  | Reached skill level 15 in Unarmed Combat
 36123 | Swamp:4  | HP: 4/114 [shambling mangrove (33)]
 36484 | Swamp:4  | Got a decaying rune of Zot
 36656 | Spider:1 | Entered Level 1 of the Spider Nest
 36710 | Spider:1 | Noticed Rupert
 36792 | Spider:1 | Killed Rupert
 37441 | Spider:2 | Noticed Agnes
 37450 | Spider:2 | Killed Agnes
 37456 | Spider:2 | Noticed Asterion
 37466 | Spider:2 | Killed Asterion
 37475 | Spider:2 | Found a glacial archway.
 37496 | IceCv    | Entered an ice cave
 37523 | Spider:3 | Reached XP level 17. HP: 85/102 MP: 21/21
 37604 | Spider:3 | Found a transporter.
 37604 | Spider:3 | Noticed Laopegif's ghost (adept OnRe)
 37658 | Spider:4 | Entered Level 4 of the Spider Nest
 37711 | Spider:3 | Found a transporter.
 40308 | Spider:4 | Slain by an emperor scorpion
 40308 | Spider:4 | Lost a life (0 lives remaining)
 40977 | Spider:4 | Got a gossamer rune of Zot
 40997 | Spider:4 | Reached XP level 18. HP: 109/109 MP: 22/22
 41326 | Elf:1    | Entered Level 1 of the Elven Halls
 41563 | Elf:1    | Found Nupoikurph's Armour Shoppe.
 41620 | Elf:1    | Found Niluis's Weapon Shoppe.
 41894 | Elf:1    | Reached skill level 5 in Stealth
 41935 | Elf:1    | Got Dispater's Exposition on Cooperative Energy
 42029 | Elf:1    | Found Yduigraf's General Store.
 42073 | Elf:1    | Found Toufol's Antique Armour Shoppe.
 42075 | Elf:1    | Noticed Roxanne
 42114 | Elf:1    | Killed Roxanne
 42116 | Elf:1    | Reached XP level 19. HP: 114/114 MP: 23/23
 42116 | Elf:1    | Gained a life (1 life remaining)
 42701 | Elf:2    | Found Iceumija's Overcharged Wands.
 42708 | Elf:2    | Bought a wand of quicksilver (18) for 1134 gold pieces
 42846 | Elf:2    | Found a runed translucent gate.
 42848 | Elf:2    | Found a runed translucent gate.
 42848 | Elf:2    | Found a runed translucent gate.
 42852 | Elf:2    | Reached skill level 1 in Evocations
 43086 | Elf:3    | Entered Level 3 of the Elven Halls
 43471 | Elf:3    | Found a runed translucent door.
 43721 | Elf:3    | Identified the +8 short sword of Dominance {pain, rPois rC+
                  | rCorr Stlth+}
 43721 | Elf:3    | Identified the ring of the Amorous God {Fly rElec rN+ AC+4}
 43722 | Elf:3    | Identified the ring "Omieff" {rElec MP+9 Dex+5 Stlth-}
 43723 | Elf:3    | Identified the ring of the Vanishing Seers {Fly rElec
                  | rCorr}
 43733 | Elf:3    | Noticed a Tzitzimitl
 43788 | Elf:3    | Identified the staff "Zuallido" {Will+ Conj}
 43809 | Elf:3    | Gained mutation: You are partially covered in iridescent
                  | scales. (AC +2) [a neqoxec]
 43853 | Elf:3    | Identified the staff "Jauf" {Stlth+ Conj Necro}
 43957 | Elf:3    | Got Sif Muna's Book of Convocation
 43959 | Elf:3    | Got the Codex of the Dead and Ceraunoscopy
 43973 | Elf:3    | Got the Secrets of Superposition and Malediction
 43976 | Elf:3    | Got the Textbook on Glowing Black Spells
 43986 | Elf:3    | Identified the +0 pair of boots of Ohuvo {rC+ Will- Stlth+}
 44526 | Vaults:1 | Entered Level 1 of the Vaults
 44769 | Vaults:1 | Reached skill level 5 in Evocations
 44900 | Vaults:1 | Reached XP level 20. HP: 121/121 MP: 24/24
 44969 | Vaults:1 | Reached skill level 10 in Stealth
 45875 | Vaults:2 | Found a staircase to the Crypt.
 46124 | Vaults:2 | Noticed Donald
 46137 | Vaults:2 | Killed Donald
 46584 | Vaults:2 | Found Rups's Assorted Antiques.
 46956 | Vaults:3 | Noticed Nikola
 46957 | Vaults:3 | Noticed Mennas
 46957 | Vaults:3 | Killed Nikola
 47297 | Vaults:3 | Reached XP level 21. HP: 121/128 MP: 25/25
 47476 | Vaults:3 | Noticed Boris
 47484 | Vaults:3 | Killed Boris
 47518 | Vaults:3 | Identified the orb "Ajyxkus" {*channel, rC+ Str+3 Earth}
 47518 | Vaults:3 | Noticed Frederick
 47522 | Vaults:3 | Killed Frederick
 48156 | Vaults:4 | Noticed Boris
 48180 | Vaults:4 | Killed Boris
 48504 | Vaults:4 | Identified the ring "Zeuqisy" {*Corrode MP+9 SInv Stlth+}
 48933 | Vaults:5 | Entered Level 5 of the Vaults
 49052 | Vaults:5 | Identified the ring of the Shining Light {rC+ MP+9 Int+4}
 49053 | Vaults:5 | Identified the +3 mace of Youthful Indiscretion {flame,
                  | Str+3}
 49055 | Vaults:5 | Reached XP level 22. HP: 133/133 MP: 26/26
 49055 | Vaults:5 | Gained a life (2 lives remaining)
 49190 | Vaults:5 | Found Tut Ilum's Distillery.
 49190 | Vaults:5 | Found Ederch's Magic Scroll Shoppe.
 49201 | Vaults:5 | Bought a potion of curing for 42 gold pieces
 49201 | Vaults:5 | Bought a potion of haste for 140 gold pieces
 49201 | Vaults:5 | Bought a potion of haste for 140 gold pieces
 49201 | Vaults:5 | Bought a potion of mutation for 112 gold pieces
 49208 | Vaults:5 | Bought a scroll of vulnerability for 60 gold pieces
 49208 | Vaults:5 | Bought a scroll of teleportation for 45 gold pieces
 49265 | Vaults:5 | Got the Book of the Destructive Fjord
 49270 | Vaults:5 | Found the ring of the Tortoise {AC+8}
 49359 | Vaults:5 | Got the Volume of Malediction
 49420 | Vaults:5 | Identified the +5 falchion of the Telling Sybil {venom,
                  | rF++ rC- Str+2 SInv}
 49528 | Vaults:5 | Got Headeg's Volume of the Congregation and Mud
 49570 | Vaults:5 | Identified the ring of Gass {Ice rPois Dex-2 SInv Stlth+}
 49573 | Vaults:5 | Got a silver rune of Zot
 49689 | Vaults:5 | Found Deohyam's Magic Scroll Shop.
 49689 | Vaults:5 | Noticed an ancient lich
 49700 | Vaults:5 | Killed an ancient lich
 49712 | Vaults:5 | Bought a scroll of acquirement for 1092 gold pieces
 49712 | Vaults:5 | Bought a scroll of blinking for 157 gold pieces
 49712 | Vaults:5 | Bought a scroll of immolation for 84 gold pieces
 49712 | Vaults:5 | Bought a scroll of vulnerability for 84 gold pieces
 49712 | Vaults:5 | Acquired 565 gold pieces
 50305 | D:15     | Found a staircase to the Depths.
 50314 | D:15     | Reached skill level 1 in Invocations
 50415 | Depths:1 | Entered Level 1 of the Depths
 50444 | Depths:1 | Learned a level 3 spell: Fugue of the Fallen
 50538 | Depths:1 | Found a gateway to Hell.
 50549 | Depths:1 | Noticed the Enchantress
 50552 | Depths:1 | HP: 5/172 [spriggan defender/+2 quick blade of
                  | protection[the Enchantress] (13)]
 50552 | Depths:1 | Killed from afar by a rakshasa
 50552 | Depths:1 | Lost a life (1 life remaining)
 50621 | Depths:1 | Killed the Enchantress
 50621 | Depths:1 | Reached skill level 5 in Necromancy
 50631 | Depths:1 | Reached skill level 5 in Invocations
 50661 | Depths:1 | Found a radiant altar of Vehumet.
 50765 | Depths:1 | Found a one-way gateway to a ziggurat.
 50955 | Depths:1 | Found Tauliarucw's Book Shoppe.
 50958 | Depths:1 | Found Rytwoofo's Jewellery Boutique.
 50959 | Depths:1 | Found Voowilis's Book Shoppe.
 50967 | Depths:1 | Bought the ring of Yredelemnul, Shifting {^Contam Fly rF++
                  | Will- Str+9} for 868 gold pieces
 51260 | Depths:4 | Entered Level 4 of the Depths
 51288 | Depths:4 | Found a gate to the Realm of Zot.
 51297 | Depths:4 | Reached XP level 23. HP: 137/137 MP: 30/30
 51350 | Depths:4 | Gained mutation: You occasionally shout uncontrollably at
                  | your foes. [a shining eye]
 51352 | Depths:4 | Gained mutation: Your spells are a little easier to cast,
                  | but a little less powerful. [a shining eye]
 51389 | Depths:4 | Reached skill level 10 in Invocations
 51442 | Depths:4 | Got a midnight gem with 1518 turns to spare
 51608 | Depths:4 | Noticed Sojobo
 51618 | Depths:4 | Paralysed by an air elemental for 1 turns
 51620 | Depths:4 | Killed Sojobo
 52166 | Depths:3 | Found a corrupted altar of Lugonu.
 52166 | Depths:3 | Found a one-way gate to the infinite horrors of the Abyss.
 52471 | Depths:3 | Lost the midnight gem through the power of Zot.
 52607 | Depths:2 | Found a sacrificial altar of Ru.
 52826 | Depths:2 | Noticed a juggernaut
 52830 | Depths:2 | Killed a juggernaut
 52940 | Depths:2 | Identified the +0 robe "Piahadd" {-Tele rPois rF+ rC+}
 53032 | Depths:2 | Found a glowing silver altar of Zin.
 53217 | Zot:1    | Entered Level 1 of the Realm of Zot
 53320 | Zot:1    | Reached skill level 15 in Invocations
 53349 | Zot:1    | HP: 5/178 [yellow draconian annihilator/crystal spear (56)]
 53445 | Zot:1    | Found a viscous altar of Jiyva.
 53765 | Zot:1    | Noticed an orb of fire
 53774 | Zot:1    | Killed an orb of fire
 54141 | Zot:2    | Reached XP level 24. HP: 142/142 MP: 36/36
 54978 | Zot:2    | Paralysed by an air elemental for 1 turns
 56794 | Zot:4    | Noticed an ancient lich
 57206 | Zot:4    | Killed an ancient lich
 57354 | Zot:4    | Reached XP level 25. HP: 147/147 MP: 38/38
 57354 | Zot:4    | Gained a life (2 lives remaining)
 57366 | Zot:4    | Noticed a Killer Klown
 57373 | Zot:4    | Killed a Killer Klown
 57707 | Zot:4    | Found a shimmering blue altar of Sif Muna.
 57942 | Zot:4    | Identified the +5 spear of Winokanar {freeze, rF++ Will+
                  | rCorr Int-2}
 58106 | Zot:5    | Entered Level 5 of the Realm of Zot
 58148 | Zot:5    | Noticed a dread lich
 58152 | Zot:5    | Killed a dread lich
 58950 | Zot:5    | Noticed a Killer Klown
 58950 | Zot:5    | Noticed a Killer Klown
 58950 | Zot:5    | Noticed a dread lich
 58950 | Zot:5    | Noticed an orb of fire
 58950 | Zot:5    | Noticed an orb of fire
 58951 | Zot:5    | Gained mutation: You have hidden genetic defects. [an orb
                  | of fire]
 58952 | Zot:5    | Noticed a Killer Klown
 58955 | Zot:5    | Killed an orb of fire
 58956 | Zot:5    | Killed a dread lich
 58957 | Zot:5    | Killed a Killer Klown
 58958 | Zot:5    | Killed a Killer Klown
 58958 | Zot:5    | Killed an orb of fire
 58981 | Zot:5    | Killed a Killer Klown
 58999 | Zot:5    | Got the Orb of Zot
 59000 | Zot:5    | Noticed an orb of fire
 59002 | Zot:5    | Gained mutation: You are dopey. (Int -2) [hidden defects]
 59003 | Zot:5    | Noticed Ulu Buepn the pandemonium lord
 59003 | Zot:5    | Noticed an ancient lich
 59003 | Zot:5    | Noticed a Killer Klown
 59005 | Zot:5    | Noticed a Killer Klown
 59049 | Zot:4    | Noticed Xyebusm the pandemonium lord
 59094 | Zot:3    | Gained mutation: You occasionally lose the ability to drink
                  | potions when taking damage. [a cacodemon]
 59117 | Zot:3    | Lost mutation: You occasionally shout uncontrollably at
                  | your foes. [potion of mutation]
 59117 | Zot:3    | Lost mutation: You occasionally lose the ability to drink
                  | potions when taking damage. [potion of mutation]
 59117 | Zot:3    | Lost mutation: You are partially covered in iridescent
                  | scales. (AC +2) [potion of mutation]
 59117 | Zot:3    | Gained mutation: You have a pair of small horns on your
                  | head. [potion of mutation]
 59504 | Temple   | Fell from the grace of Wu Jian
 59504 | Temple   | Became a worshipper of the Shining One
 59610 | D:3      | Reached * piety under the Shining One
 59611 | D:3      | Reached XP level 26. HP: 94/155 MP: 38/38
 59686 | D:$      | Escaped with the Orb!

Illustrated notes

Levels and vault maps discovered:
D:1:      wheals_arrival_linesprint, layout_rooms, st_stairs_9,
          minmay_misc_feat_diagonals, minmay_tromino_i4
D:2:      layout_rooms, basic_altar
D:3:      layout_basic, mainiacjoe_overflow_alcove_1, bloody_makhleb,
          chequers_serial_rivers_room_b, st_stairs_3, uniq_crazy_yiuf_cottage
D:4:      layout_loops_corners, serial_shops, shop, uniq_pikel, uniq_eustachio
D:5:      layout_cave_pods, old_standard_altar, minmay_temple_entry_tees
D:6:      layout_basic, nicolae_overflow_hallway_of_the_gods,
          ebering_ghost_sewer_f
D:7:      layout_gridville, reono_crystal_passage
D:8:      layout_gridville, ebering_ghost_xom, uniq_psyche
D:9:      layout_irregular_city, mainiacjoe_overflow_brackets,
          gammafunk_ghost_nasty_kobolds, uniq_jeremiah, uniq_maggie,
          uniq_maurice
D:10:     layout_loops_corners, due_lair_maze_entry_diamond
D:11:     layout_stronghold, gauntlet_entry_generic
D:12:     nicolae_cairo_tiling_very_big, layout_gridville, orc_0_dummy
D:13:     layout_basic, kennysheep_another_room, tso_oasis_becter
D:14:     layout_long_grid, lightli_vaults_fourway_checkpoint
D:15:     gammafunk_enter_depths_forms, layout_small_grid, uniq_kirke
Temple:   compressed_dpeg_triangle_lava_temple
Lair:1:   wad_woods_structure_01, layout_regular_city
Lair:2:   layout_cave_shapes, swamp_mist, dummy_spider_entry, uniq_nergalle,
          uniq_urug
Lair:3:   layout_cave_pods, lemuel_fruit_fields, uniq_nessos
Lair:4:   layout_loops_ring, slime_entry_1, kennysheep_snail_temple
Lair:5:   minmay_lair_end_frog_pond, layout_cave_pods
Swamp:1:  layout_basic_swamp, serial_swamp_ruin, evilmike_swamp_ruin_rubble_2,
          evilmike_swamp_ruin_house_3, swamp_pool_1_2,
          nicolae_swamp_spriggan_camp
Swamp:2:  layout_falls_marsh, nicolae_swamp_small_spring
Swamp:3:  nicolae_swamp_ascending_descending_big, layout_basic_swamp,
          evilmike_swamp_ruin_wall, swamp_pool_4, nicolae_swamp_oxbows,
          nicolae_swamp_snake_nest
Swamp:4:  swamp, layout_basic_swamp, gammafunk_ghost_arena
Spider:1: nicolae_spider_broodchamber, uniq_rupert
Spider:2: layout_spider_delve, portal_ice_cave_entry_dragon,
          nicolae_spider_undead_wolf_pack, uniq_asterion, uniq_agnes
Spider:3: layout_spider_delve, gammafunk_ghost_arena
Spider:4: grunt_spider_rune_circles
Orc:1:    layout_diamond_mine
Orc:2:    pf_orc_diabolical, layout_caves, serial_shops, shop, shop,
          shop_fountains, nicolae_shop_advertising_works
          [nicolae_subvault_shop_adworks], uniq_erolcha
Elf:1:    eino_elf_arrival_sip, layout_geoelf_diagonals, serial_shops,
          nicolae_shop_stone, shop, shop, nicolae_shop_tiny_real_fake_doors,
          minmay_elf_sorcery, hangedman_elf_targeted_burst, uniq_roxanne
Elf:2:    elven_hall_of_blades_hangedman_original [nicolae_blade_tridents],
          layout_loops_cross, minmay_misc_feat_ornament,
          nicolae_shop_overcharged_wands
Elf:3:    elf_hall_gauntlet_wide, layout_loops_corners, nicolae_danse_macabre
Vaults:1: nicolae_vaults_specimen_jars, nicolae_vaults_closet_pinwheel_3,
          vaults_room_grid, ontoclasm_vaults_gateway,
          nicolae_vaults_steering_wheel, grunt_vaults_hallway_short,
          nicolae_vaults_rhombus_5, vaults_room_grunt_arrival_ludios,
          vaults_room_corners, nicolae_vaults_wine_cellar,
          layout_vaults_chaotic_city
Vaults:2: nicolae_vaults_twisting_passages, nicolae_vaults_sealed_display,
          v_misc_1, vaults_room_semicircle, nicolae_vaults_network_star,
          nicolae_vaults_circle_grid_b, v_misc_17,
          minmay_crypt_entry_simple_corners, layout_vaults_quadrants,
          serial_shops, shop, uniq_donald
Vaults:3: vaults_room_door_ring, nicolae_vaults_alarming, hangedman_vaults_trim,
          vaults_room_fours, v_misc_24, nicolae_vaults_network_square,
          nicolae_vaults_mitosis, hangedman_vaults_locks,
          nicolae_vaults_trapezoid_4, nicolae_vaults_statue_guard,
          nicolae_vaults_octothorpe, nicolae_vaults_tetromino_T_1,
          nicolae_vaults_tetromino_Z_1, nicolae_vaults_house_3, v_misc_8,
          layout_vaults_maze_snakey, uniq_nikola, uniq_mennas, uniq_boris,
          uniq_frederick
Vaults:4: vaults_room_large_hall, ontoclasm_vaults_decontamination,
          kennysheep_ogre_elephant_herders, ontoclasm_vaults_ring_large,
          hangedman_vaults_pinch, hangedman_vaults_impose,
          nicolae_vaults_ring_of_whatevers, v_misc_13, v_misc_25, v_misc_3,
          layout_vaults_omnibox
Vaults:5
Depths:1: layout_big_octagon, enter_ziggurat_e, grunt_pan_entry_zigzag,
          pf_hell_entry_tar_river, nicolae_figureground_pulse,
          kennysheep_small_circle, minmay_shop_grove,
          infiniplex_staircase_pool_lava, uniq_enchantress
Depths:2: minmay_two_paths, layout_cave_shapes, nicolae_ru_the_path_less_chosen,
          pan_entry, pf_coc_iceberg, zin_angel
Depths:3: evilmike_wizard_prison, layout_cave_pools, grunt_hell_entry_dis_grunt,
          abyss_entry_flame_altar
Depths:4: grunt_zot_entry_funnels, layout_gridville, hell_entry, uniq_sojobo
Zot:1:    layout_twisted_circle, regret_index_zotdec_slimy_original,
          st_stairs_13
Zot:2:    infiniplex_zot_generator, layout_gridlike
Zot:3:    layout_basic, grunt_megastairs_5
Zot:4:    hangedman_snap_crack_crunch, layout_onion, st_stairs_7,
          regret_index_zotdec_magical_s
Zot:5:    layout_gridlike

Skill      XL: |  1  2  3  4  5  6  7  8  9 10 11 12 13 14 15 16 17 18 19 20 21 22 23 24 25 |
---------------+----------------------------------------------------------------------------+-----
Dodging        | 3 4 5 6 7 9 11 12 14 15 17 18 19 20 21 | 21.6
Fighting       | 1 2 3 4 5 6 8 9 10 12 13 14 16 18 19 20 21 | 21.4
Unarmed Combat | 1 2 3 5 7 8 9 11 12 14 16 17 18 19 20 21 | 21.4
Shapeshifting  | 1 2 4 6 7 8 10 11 12 14 16 17 20 21 | 21.6
Stealth        | 4 5 9 10 | 10.0
Evocations     | 5 |  5.0
Invocations    | 8 16 21 | 21.7
Spellcasting   | 4 |  4.0
Necromancy     | 6 |  6.3

Action                     |  1- 3 |  4- 6 |  7- 9 | 10-12 | 13-15 | 16-18 | 19-21 | 22-24 | 25-27 || total
---------------------------+-------+-------+-------+-------+-------+-------+-------+-------+-------++-------
  Melee: Unarmed           |    39 |    90 |   296 |   889 |  1545 |  1188 |  1421 |  1554 |   446 ||  7468
         Bite              |     4 |    11 |    37 |    64 |    95 |    82 |   230 |   242 |    78 ||   843
         Punch             |       |     2 |     3 |     1 |       |    58 |   226 |   232 |    84 ||   606
         Constrict         |       |       |       |    99 |   184 |   155 |       |       |       ||   438
         Maw               |       |       |       |       |       |   189 |       |       |       ||   189
         Headbutt          |       |       |       |       |       |       |       |       |    19 ||    19
   Cast: Necrotise         |    63 |    94 |    52 |    15 |       |       |       |       |       ||   224
         Vampiric Draining |       |     1 |    17 |     3 |       |       |       |       |       ||    21
         Fugue of the Fall |       |       |       |       |       |       |       |    11 |     3 ||    14
 Invoke: Serpent's Lash    |       |       |       |     4 |    16 |    15 |     5 |    16 |     6 ||    62
         Heavenly Storm    |       |       |       |       |       |     2 |     2 |     2 |     1 ||     7
Ability: Lunge             |       |       |    15 |    38 |   122 |    79 |   108 |    95 |    28 ||   485
         Whirlwind         |       |       |    30 |    77 |   227 |   427 |   439 |   502 |   119 ||  1821
         Wall Jump         |       |       |       |     3 |     1 |       |     1 |       |       ||     5
  Evoke: Wand              |       |       |       |    10 |    10 |     4 |       |     7 |     1 ||    32
         Lightning rod     |       |       |       |       |       |       |       |     8 |     3 ||    11
         Phantom mirror    |       |       |       |       |       |       |       |     1 |       ||     1
    Use: Potion            |     3 |     3 |     3 |     6 |     8 |    14 |     1 |    12 |     8 ||    58
         Scroll            |     3 |     3 |     4 |    13 |    16 |     7 |     2 |    11 |     5 ||    64
   Stab: Distracted        |       |     1 |       |       |     3 |     4 |     7 |     1 |     1 ||    17
         Paralysed         |       |       |       |    10 |     3 |       |       |       |       ||    13
         Sleeping          |       |       |       |     1 |    13 |     5 |    24 |    18 |     2 ||    63
         Invisible         |       |       |       |       |     3 |       |       |       |       ||     3
 Armour: Skin              |    31 |    44 |    85 |   293 |   523 |   414 |   373 |   798 |   236 ||  2797
  Dodge: Dodged            |    77 |    53 |   273 |   654 |  1029 |  1274 |  1915 |  2126 |   654 ||  8055
   Form: Flux              |       |       |     1 |       |     1 |       |       |       |       ||     2
         Serpent           |       |       |       |     1 |     1 |     1 |       |       |       ||     3
         Maw               |       |       |       |       |       |     2 |       |       |       ||     2
         Statue            |       |       |       |       |       |       |     1 |       |       ||     1

Table legend: (Time is in decaauts)
 A = Elapsed time spent in this place.
 B = Non-inter-level travel time spent in this place.
 C = Inter-level travel time spent in this place.
 D = Time resting spent in this place.
 E = Time spent auto-exploring this place.
 F = Levels seen in this place.
 G = Mean time per level.
                   A        B        C        D        E       F      G
               +--------+--------+--------+--------+--------+-----+--------+
         Total |  67088 |  62108 |   4980 |  11212 |  35659 |  50 | 1341.8 |
       Dungeon |  19719 |  17656 |   2063 |   2283 |  11955 |  15 | 1314.6 |
        Temple |     51 |     24 |     27 |      0 |      0 |   1 |   51.0 |
          Lair |  10290 |   9695 |    595 |   2729 |   4859 |   5 | 2058.0 |
         Swamp |   3536 |   3393 |    143 |    627 |   1743 |   4 |  884.0 |
   Spider Nest |   4374 |   4051 |    323 |    980 |   1611 |   4 | 1093.5 |
  Orcish Mines |   4299 |   4075 |    224 |   2311 |    939 |   2 | 2149.5 |
   Elven Halls |   3842 |   3580 |    262 |     57 |   2473 |   3 | 1280.7 |
        Vaults |   8093 |   7608 |    485 |     82 |   5589 |   5 | 1618.6 |
        Depths |   4170 |   3820 |    350 |     90 |   2605 |   4 | 1042.5 |
           Zot |   8586 |   8081 |    505 |   2051 |   3835 |   5 | 1717.2 |
      Ice Cave |      3 |      3 |      0 |      0 |      0 |   1 |    3.0 |
      Gauntlet |    121 |    121 |      0 |      0 |     47 |   1 |  121.0 |
               +--------+--------+--------+--------+--------+-----+--------+

Top non-repeatable levels by time:
   Orc:2: 4090 daAuts
  Lair:1: 3324 daAuts
   Zot:2: 2477 daAuts
   Zot:3: 2190 daAuts
  Lair:5: 2133 daAuts
  Lair:3: 2007 daAuts
     D:4: 1973 daAuts
Vaults:2: 1939 daAuts
Spider:4: 1829 daAuts
Vaults:1: 1780 daAuts
   Elf:3: 1777 daAuts
  Lair:4: 1765 daAuts
    D:10: 1740 daAuts
     D:7: 1649 daAuts
    D:14: 1646 daAuts
